 Dungeon Crawl Stone Soup version 0.31-a0-354-g827e0957a7 (webtiles) character file.

Game seed: 6957744002343682715

776 Shayle the Insei (level 7, -1/53 HPs)
             Began as a Gnoll Shapeshifter on July 23, 2023.
             Slain by a gnoll
             ... wielding a +0 whip
              (4 damage)
             ... on level 4 of the Dungeon.
             The game lasted 00:09:44 (3635 turns).

Shayle the Insei (Gnoll Shapeshifter)               Turns: 3635, Time: 00:09:45

Health: -1/53      AC:  2    Str: 19 (20) XL:     7   Next: 84%
Magic:  11/11      EV: 13    Int:  6 (8)  God:
Gold:   145        SH:  0    Dex: 12 (14) Spells: 11/11 levels left

rFire   . . .        b - +2 flail (holy)
rCold   . . .        (no shield)
rNeg    . . .        a - +0 animal skin
rPois   .            (helmet currently unavailable)
rElec   .            (cloak currently unavailable)
rCorr   .            (gloves currently unavailable)
SInv    .            (boots currently unavailable)
Will    .....        (no amulet)
Stlth   ++           k - +6 ring of strength
HPRegen 0.28/turn    (no ring)
MPRegen 0.12/turn

%: no passive effects
@: lethally poisoned (-1 -> -15), beast-form
A: beast (slay +4), fangs 1, strong nose, distributed training
a: Begin Untransformation


You were on level 4 of the Dungeon.
You were a hulking beast.
You visited 1 branch of the dungeon, and saw 4 of its levels.
You also visited: Sewer.

You collected 145 gold pieces.

Inventory:

Hand Weapons
 b - a +2 flail of holy wrath (weapon)
Armour
 a - a +0 animal skin (worn)
 d - a +0 ring mail
 g - a +0 cloak
Jewellery
 k - a +6 ring of strength (left hand)
 u - a ring of poison resistance
Talismans
 c - a beast talisman
 i - a granite talisman
Wands
 f - a wand of paralysis (2)
 o - a wand of polymorph (6)
Scrolls
 e - a scroll of brand weapon {unknown}
 h - 5 scrolls of identify {unknown}
 l - a scroll of fear {unknown}
 m - a scroll of amnesia {unknown}
 q - a scroll of enchant weapon {unknown}
Potions
 j - 3 potions of enlightenment {unknown}
 n - a potion of invisibility {unknown}
 p - a potion of heal wounds {unknown}
 s - 2 potions of degeneration
 v - a potion of might {unknown}


   Skills:
 + Level 3.8 Fighting
 + Level 2.8 Short Blades
 + Level 2.8 Long Blades
 + Level 2.8 Axes
 + Level 2.8 Maces & Flails
 + Level 2.8 Polearms
 + Level 2.8 Staves
 + Level 2.8 Ranged Weapons
 + Level 2.8 Throwing
 + Level 2.8 Armour
 + Level 5.4 Dodging
 + Level 2.8 Stealth
 + Level 2.8 Shields
 + Level 7.1 Unarmed Combat
 + Level 2.8 Spellcasting
 + Level 2.2 Conjurations
 + Level 2.2 Hexes
 + Level 2.2 Summonings
 + Level 2.2 Necromancy
 + Level 2.2 Translocations
 + Level 2.2 Transmutations
 + Level 2.2 Fire Magic
 + Level 2.2 Ice Magic
 + Level 2.2 Air Magic
 + Level 2.2 Earth Magic
 + Level 2.2 Poison Magic
 + Level 3.1 Invocations
 + Level 2.8 Evocations
 + Level 6.9 Shapeshifting


You had 11 spell levels left.
You didn't know any spells.
Your spell library was empty.

Dungeon Overview and Level Annotations

Branches:
Dungeon (4/15)              Sewer (visited)
 Temple: D:4-7

Altars:
Nemelex Xobeh
Zin
The Shining One

Shops:
D:4 *

Annotations:
D:4 Eustachio


Innate Abilities, Weirdness & Mutations

You are a hulking beast.
Your limbs bulge with bestial killing power. (Slay +4)
You have very sharp teeth.
Your uncanny sense of smell can sniff out nearby items.
Your experience applies equally to all skills.


Message History

The hobgoblin shouts!
Found a scroll labelled MAHUNE QOTUSOI.
You see here a scroll labelled MAHUNE QOTUSOI.
l - a scroll labelled MAHUNE QOTUSOI You sock the gnoll!
You kill the gnoll!
The gnoll hits you from afar with a +2 halberd of venom.
You are poisoned.
The hobgoblin hits you but does no damage.
Things that are here:
a +0 club; a gnoll corpse
Okay, then.
You feel better. The hobgoblin barely misses you.
The gnoll hits you from afar with a +2 halberd of venom!
You are poisoned.
You feel very sick. The gnoll barely misses you. The hobgoblin hits you.
The gnoll hits you with a +0 whip.
You closely miss the gnoll. You bite the gnoll.
The gnoll is lightly wounded.
You feel very sick. The hobgoblin closely misses you.
The gnoll hits you with a +0 whip.
The gnoll hits you with a +2 halberd of venom.
The gnoll misses you. The hobgoblin closely misses you.
The gnoll hits you with a +0 whip.
You hit the gnoll.
The gnoll is heavily wounded.
You feel sick. The gnoll misses you. The hobgoblin closely misses you.
The gnoll misses you.
Unknown command.
You hit the gnoll. You bite the gnoll.
The gnoll is almost dead.
You feel sick.
The gnoll hits you with a +2 halberd of venom!!
* * * LOW HITPOINT WARNING * * *
You are lethally poisoned!
The hobgoblin hits you.
* * * LOW HITPOINT WARNING * * *
The gnoll hits you with a +0 whip.
You die...

#... ##...
##... #...###+
#..(#..#
##...#..# ∆
#..g.+..+##
#.)h.#..#.+
#.#gg#..#.#
####.'##+.#
#.#..#.#
#.#..#.+
#.'..'###+###+
#.#..#.......#
#.#..#.......#
#.###+###+###+


You could see 2 gnolls and a hobgoblin.

Vanquished Creatures
  Grinder (D:3)
  A phantom (D:4)
  2 bullfrogs (Sewer)
  2 iguanas (D:4)
  Natasha (thrice) (D:3)
  A sleepcap (D:4)
  3 orc wizards (D:3)
  A gnoll (D:4)
  7 adders
  A worm (D:2)
  4 orcs
  7 ball pythons
  4 bats (D:2)
  8 endoplasms
  10 giant cockroaches
  3 goblins
  4 hobgoblins
  2 jackals (D:2)
  9 quokkas
  13 frilled lizards
  6 kobolds
  9 rats
101 creatures vanquished.

Notes
Turn   | Place    | Note
-------+----------+-------------------------------------------
     0 | D:1      | Shayle the Gnoll Shapeshifter began the quest for the Orb.
     0 | D:1      | Reached XP level 1. HP: 17/17 MP: 1/1
   215 | D:1      | Reached XP level 2. HP: 23/23 MP: 2/2
   596 | D:2      | Reached XP level 3. HP: 23/28 MP: 3/3
   712 | D:2      | Reached skill level 1 in Invocations
   852 | D:2      | You fall into a shaft and drop 1 floor!
   857 | D:3      | Noticed Grinder
   937 | D:3      | Reached skill level 1 in Short Blades
   937 | D:3      | Reached skill level 1 in Long Blades
   937 | D:3      | Reached skill level 1 in Axes
   937 | D:3      | Reached skill level 1 in Maces & Flails
   937 | D:3      | Reached skill level 1 in Polearms
   937 | D:3      | Reached skill level 1 in Staves
   937 | D:3      | Reached skill level 1 in Ranged Weapons
   937 | D:3      | Reached skill level 1 in Throwing
   937 | D:3      | Reached skill level 1 in Armour
   937 | D:3      | Reached skill level 1 in Stealth
   937 | D:3      | Reached skill level 1 in Shields
   937 | D:3      | Reached skill level 1 in Spellcasting
   937 | D:3      | Reached skill level 1 in Evocations
   988 | D:3      | Reached XP level 4. HP: 24/34 MP: 5/5
  1020 | D:3      | Found a glowing drain.
  1028 | D:3      | Reached skill level 1 in Conjurations
  1028 | D:3      | Reached skill level 1 in Hexes
  1028 | D:3      | Reached skill level 1 in Summonings
  1028 | D:3      | Reached skill level 1 in Necromancy
  1028 | D:3      | Reached skill level 1 in Translocations
  1028 | D:3      | Reached skill level 1 in Transmutations
  1028 | D:3      | Reached skill level 1 in Fire Magic
  1028 | D:3      | Reached skill level 1 in Ice Magic
  1028 | D:3      | Reached skill level 1 in Air Magic
  1028 | D:3      | Reached skill level 1 in Earth Magic
  1028 | D:3      | Reached skill level 1 in Poison Magic
  1043 | Sewer    | Entered a sewer
  1297 | Sewer    | Reached XP level 5. HP: 40/40 MP: 6/6
  1440 | Sewer    | Reached XP level 6. HP: 29/47 MP: 8/8
  1751 | D:3      | Noticed Natasha
  1759 | D:3      | Killed Natasha
  1760 | D:3      | Reached skill level 5 in Dodging
  1815 | D:3      | Killed Grinder
  1816 | D:3      | Reached skill level 7 in Unarmed Combat
  1816 | D:3      | Reached XP level 7. HP: 29/52 MP: 8/10
  2035 | D:3      | Found a glowing golden altar of the Shining One.
  2073 | D:3      | Noticed Natasha
  2078 | D:3      | Killed Natasha
  2215 | D:3      | Noticed Natasha
  2222 | D:3      | Killed Natasha
  3072 | D:4      | Found a sparkling altar of Nemelex Xobeh.
  3423 | D:4      | Found Zin's Purification Station.
  3427 | D:4      | Found a glowing silver altar of Zin.
  3433 | D:4      | Noticed Eustachio
  3635 | D:4      | Slain by a gnoll

Illustrated notes

Levels and vault maps discovered:
D:1:      erik_arrival_cave_to_civilisation [erik_arrival_cave_to_hall],
          layout_basic
D:2:      layout_loops_corners, hangedman_decor_points
D:3:      layout_basic, nicolae_tso_swordbearing_angel, portal_sewer_entry_f,
          grunt_ministairs_6, uniq_grinder, uniq_natasha
D:4:      layout_basic, zin_purify, lemuel_mausoleum_altar_yredelemnul,
          elyvilon_altar_5, kennysheep_mini_moat, mainiacjoe_overflow_24_doors,
          minivault_23, nicolae_figureground_pulse, uniq_eustachio

Skill      XL: |  1  2  3  4  5  6  7 |
---------------+----------------------+-----
Invocations    | 1 2 3 |  3.1
Short Blades   | 1 2 |  2.8
Long Blades    | 1 2 |  2.8
Axes           | 1 2 |  2.8
Maces & Flails | 1 2 |  2.8
Polearms       | 1 2 |  2.8
Staves         | 1 2 |  2.8
Ranged Weapons | 1 2 |  2.8
Throwing       | 1 2 |  2.8
Armour         | 1 2 |  2.8
Stealth        | 1 2 |  2.8
Shields        | 1 2 |  2.8
Spellcasting   | 1 2 |  2.8
Evocations     | 1 2 |  2.8
Conjurations   | 1 2 |  2.2
Hexes          | 1 2 |  2.2
Summonings     | 1 2 |  2.2
Necromancy     | 1 2 |  2.2
Translocations | 1 2 |  2.2
Transmutations | 1 2 |  2.2
Fire Magic     | 1 2 |  2.2
Ice Magic      | 1 2 |  2.2
Air Magic      | 1 2 |  2.2
Earth Magic    | 1 2 |  2.2
Poison Magic   | 1 2 |  2.2
Fighting       | 3 |  3.8
Dodging        | 5 |  5.4
Unarmed Combat | 7 |  7.1
Shapeshifting  | |  6.9

Action                     |  1- 3 |  4- 6 |  7- 9 || total
---------------------------+-------+-------+-------++-------
  Melee: Unarmed           |    58 |    65 |     3 ||   126
         Punch             |     4 |     2 |     2 ||     8
         Bite              |     2 |     4 |     6 ||    12
         Flail             |       |    10 |    88 ||    98
    Use: Scroll            |     1 |     1 |     2 ||     4
         Potion            |       |     2 |     3 ||     5
   Stab: Sleeping          |     1 |     1 |     3 ||     5
 Armour: Animal skin       |     7 |    14 |    13 ||    34
         Skin              |       |     7 |       ||     7
  Dodge: Dodged            |    26 |    53 |    79 ||   158

Table legend: (Time is in decaauts)
 A = Elapsed time spent in this place.
 B = Non-inter-level travel time spent in this place.
 C = Inter-level travel time spent in this place.
 D = Time resting spent in this place.
 E = Time spent auto-exploring this place.
 F = Levels seen in this place.
 G = Mean time per level.
                   A        B        C        D        E       F      G
               +--------+--------+--------+--------+--------+-----+--------+
         Total |   3727 |   3623 |    104 |    589 |   2029 |   5 |  745.4 |
       Dungeon |   2993 |   2889 |    104 |    403 |   1716 |   4 |  748.2 |
         Sewer |    734 |    734 |      0 |    186 |    313 |   1 |  734.0 |
               +--------+--------+--------+--------+--------+-----+--------+

Top non-repeatable levels by time:
     D:3: 1025 daAuts
     D:2: 894 daAuts
   Sewer: 734 daAuts
     D:1: 552 daAuts
     D:4: 522 daAuts
